 Dungeon Crawl Stone Soup version 0.28.0-53-g5a82cb258f (webtiles) character file.

Game seed: 12852119544823966131

1 Stomo the Sneak (level 1, 0/11 HPs)
             Began as a Vine Stalker Delver on June 22, 2022.
             Slain by a kobold
             ... wielding a +0 short sword
              (2 damage)
             ... on level 3 of the Dungeon.
             The game lasted 00:00:24 (119 turns).

Stomo the Sneak (Vine Stalker Delver)                Turns: 119, Time: 00:00:24

Health: 0/11       AC:  3    Str: 14    XL:     1   Next: 20%
Magic:  0/2        EV: 11    Int: 10    God:
Gold:   19         SH:  0    Dex: 15    Spells: 0/0 levels left

rFire   . . .      SeeInvis .   a - +0 mace
rCold   . . .      Faith    .   (no shield)
rNeg    . . .      Spirit   +   b - +0 leather armour
rPois   .          Reflect  .   (no helmet)
rElec   .          Harm     .   (no cloak)
rCorr   .          Rampage  .   (no gloves)
Will    .....                   (no boots)
Stlth   +++.......              (no amulet)
HPRegen 0.03/turn               (no ring)
MPRegen 0.08/turn               (no ring)

@: no status effects
A: fangs 2, magic shield, antimagic bite, no potion heal 2
a: no special abilities


You were on level 3 of the Dungeon.
You visited 1 branch of the dungeon, and saw 3 of its levels.

You collected 19 gold pieces.

Inventory:

Hand Weapons
 a - a +0 mace (weapon)
Armour
 b - a +0 leather armour (worn)
Wands
 g - a wand of digging (3)
Scrolls
 c - a scroll of fog
 d - a scroll of magic mapping
 e - a scroll of fear
 h - a scroll of identify {unknown}
Potions
 f - a potion of haste


   Skills:
 + Level 2.7 Fighting
 + Level 1.8 Maces & Flails
 + Level 1.6 Dodging
 + Level 6.0 Stealth


You couldn't memorise any spells.
You didn't know any spells.
Your spell library was empty.

Dungeon Overview and Level Annotations

Branches:
Dungeon (5/15)
 Temple: D:4-7

Altars:


Innate Abilities, Weirdness & Mutations

You have extremely sharp teeth.
When hurt, damage is shared between your health and your magic reserves.
Your bite disrupts and absorbs the magic of your enemies.
Potions cannot restore your health.


Message History

Press ? for a list of commands and other information.
Found a stone staircase leading down.
Found a stone staircase leading up.
You now have 19 gold pieces.
Found a flail.
An orc wizard comes into view. It is wielding a +0 dagger.
Found a pair of boots.
There is a stone staircase leading up here.
You climb upwards.
Found a scroll labelled OHITHR QIHEGONU and a dire flail.
Found a stone staircase leading down.
There is a stone staircase leading down here.
Found 20 arrows.
Found 18 arrows.
h - a scroll labelled OHITHR QIHEGONU A hobgoblin comes into view.
A hobgoblin is nearby!
A hobgoblin is nearby!
A kobold comes into view. It is wielding a +0 short sword.
Found a spear.
Found a stone staircase leading up.
The kobold shouts!
The hobgoblin shouts!
The hobgoblin hits you.
The kobold hits you with a +0 short sword.
The hobgoblin closely misses you.
There is a stone staircase leading up here.
The kobold closely misses you. The hobgoblin closely misses you.
You climb upwards.
There is a stone staircase leading down here.
You completely miss the hobgoblin.
You bite the hobgoblin, but do no damage.
The kobold barely misses you. The hobgoblin barely misses you.
You hit the hobgoblin. You bite the hobgoblin.
You kill the hobgoblin!
The kobold hits you with a +0 short sword. x2
* * * LOW HITPOINT WARNING * * *
You hit the kobold. You bite the kobold. You drain its power.
You feel invigorated.
The kobold is heavily wounded.
The kobold hits you with a +0 short sword.
You die...

########...
#.@K.......
#.##.......
#. .######
#. .# #. .#
#. .# #. .#
#. .#


You could see a kobold.

Vanquished Creatures
  A hobgoblin (D:3)
1 creature vanquished.

Notes
Turn   | Place    | Note
-------+----------+-------------------------------------------
     0 | D:5      | Stomo the Vine Stalker Delver began the quest for the Orb.
     0 | D:5      | Reached XP level 1. HP: 11/11 MP: 2/2
    66 | D:5      | Noticed an orc wizard
   119 | D:3      | Slain by a kobold

Illustrated notes

Levels and vault maps discovered:
D:3:      layout_basic, grunt_qazlal_sundering, serial_shops,
          nicolae_diamond_shop, shop
D:4:      layout_rooms
D:5:      layout_layer_cave, fedhas_altar_4, okawaru_altar_gauntlet_db,
          minmay_temple_entry_glassed_door, hellmonk_ghost_happy_afterlife,
          lemuel_flamethrower_2

Action                   || total
-------------------------++-------
Melee: Mace              ||     3
       Bite              ||     3
Dodge: Dodged            ||     5
